 Dungeon Crawl Stone Soup version 0.27-a0-1228-gfd60fd639a (webtiles) character file.

Game seed: 18290027338635582034

690 Shayle the Skirmisher (level 7, 0/72 HPs)
             Began as an Ogre Warper on June 7, 2021.
             Was an Initiate of the Shining One.
             Slain by a centaur (2 damage)
             ... on level 5 of the Dungeon.
             The game lasted 00:18:33 (7408 turns).

Shayle the Skirmisher (Ogre Warper)                 Turns: 7408, Time: 00:18:34

Health: 0/72       AC:  4    Str: 16    XL:     7   Next: 63%
Magic:  10/10      EV: 11    Int: 16    God:    the Shining One [......]
Gold:   106        SH:  0    Dex: 14    Spells: 6/11 levels left

rFire    . . .     SeeInvis .   a - +0 trident
rCold    . . .     Faith    .   (no shield)
rNeg     . . .     Spirit   .   p - +0 robe
rPois    .         Reflect  .   (helmet restricted)
rElec    .         Harm     .   j - +0 cloak
rCorr    .         Rampage  .   (gloves unavailable)
Will     .....                  (boots unavailable)
Stlth    +.........             (no amulet)
HPRegen  0.22/turn              f - +6 ring of dexterity
MPRegen  0.12/turn              (no ring)

@: glowing, invisible (but backlit and visible)
A: large, unfitting armour, tough skin 1
a: Renounce Religion


You were on level 5 of the Dungeon.
You worshipped the Shining One.
The Shining One was noncommittal.
You visited 2 branches of the dungeon, and saw 6 of its levels.

You collected 106 gold pieces.

Inventory:

Hand Weapons
 a - a +0 trident (weapon)
 b - a +0 hunting sling
Missiles
 e - 38 sling bullets
 s - 3 boomerangs (quivered)
Armour
 j - a +0 cloak (worn)
 o - a +0 kite shield
 p - a +0 robe (worn)
Jewellery
 f - a +6 ring of dexterity (left hand)
Scrolls
 c - 2 scrolls of teleportation
 d - 3 scrolls of blinking
 g - a scroll of identify
 h - 3 scrolls of enchant weapon
 i - a scroll of amnesia
 k - 2 scrolls of enchant armour
Potions
 l - 2 potions of attraction
 r - a potion of invisibility


   Skills:
 + Level 5.2 Fighting
 + Level 4.2 Polearms
 - Level 1.0 Throwing
 + Level 3.9 Dodging
 - Level 0.1 Stealth
 + Level 2.6 Shields
 - Level 2.5 Spellcasting
 + Level 4.3 Translocations


You had 6 spell levels left.
You knew the following spells:

 Your Spells              Type           Power      Damage    Failure   Level
a - Blink                 Tloc           N/A        N/A       4%          2
b - Teleport Other        Tloc           15%        N/A       10%         3

Your spell library contained the following spells:

 Spells                   Type           Power      Damage    Failure   Level
 Gell's Gravitas          Tloc           7%         N/A       10%         3
 Lesser Beckoning         Tloc           7%         N/A       10%         3
 Magic Dart               Conj           8%         1d3       21%         1
 Call Imp                 Summ           2%         N/A       30%         2
 Slow                     Hex            2%         N/A       30%         2
 Conjure Flame            Conj/Fire      2%         6-21      52%         3
 Mephitic Cloud           Conj/Pois/Air  2%         N/A       52%         3
 Manifold Assault         Tloc           15%        N/A       67%         5


Dungeon Overview and Level Annotations

Branches:
Dungeon (5/15)             Temple (1/1) D:4

Altars:
Ashenzari
Cheibriados
Dithmenos
Elyvilon
Fedhas
Gozag
Kikubaaqudgha
Makhleb
Okawaru
Qazlal
Ru
Vehumet
Xom
Yredelemnul
Zin
The Shining One

Shops:
D:2 (


Innate Abilities, Weirdness & Mutations

You are too large for most types of armour.
You have tough skin. (AC +1)


Message History

You barely miss the centaur.
The centaur is lightly wounded.
The centaur closely misses you.
The centaur kicks you but does no damage.
The centaur closely misses you.
The centaur kicks you but does no damage.
Unknown command.
You hit the centaur but do no damage.
The centaur is lightly wounded.
The centaur completely misses you. The centaur kicks you.
* * * LOW HITPOINT WARNING * * *
The centaur barely misses you. The centaur kicks you.
* * * LOW HITPOINT WARNING * * *
Unknown command.
You hit the centaur.
The centaur is moderately wounded.
The centaur barely misses you. x2
You hit the centaur.
The centaur is heavily wounded.
The centaur closely misses you.
The centaur kicks you but does no damage.
The centaur barely misses you. The centaur kicks you.
* * * LOW HITPOINT WARNING * * *
Okay, then.
You hit the centaur.
The centaur is severely wounded.
The centaur closely misses you. The centaur kicks you.
* * * LOW HITPOINT WARNING * * *
Unknown command.
You closely miss the centaur.
The centaur is severely wounded.
The centaur hits you but does no damage.
The centaur kicks you but does no damage.
The centaur hits you.
* * * LOW HITPOINT WARNING * * *
The centaur closely misses you.
It was a potion of invisibility.
You become transparent, but the glow from your halo prevents you from becoming completely invisible.
The centaur hits you.
You die...

############
#..........# ####
##.#...####.# #...
#.@.......#.####...
+.c.......+........
#.........#........
#.........#.####.(.
..........##........
......:.........####
.........$#####.....
#..#...........#.....
............


You could see a centaur.

Vanquished Creatures
  Grinder (D:3)
  An ogre (D:2)
  A scorpion (D:5)
  3 hounds
  2 centaur skeletons (D:5)
  An iguana (D:4)
  7 adders
  An ufetubus (D:5)
  An adder skeleton (D:3)
  A worm (D:3)
  3 dart slugs
  6 orcs
  7 endoplasms
  A giant cockroach (D:4)
  7 hobgoblins
  19 jackals
  4 quokkas
  5 ball pythons
  3 bats
  5 frilled lizards
  7 goblins
  5 kobolds
  5 rats
96 creatures vanquished.

Vanquished Creatures (collateral kills)
  An orc (D:4)
  An endoplasm (D:4)
  A ball python (D:4)
3 creatures vanquished.

Grand Total: 99 creatures vanquished

Notes
Turn   | Place    | Note
-------+----------+-------------------------------------------
     0 | D:1      | Shayle the Ogre Warper began the quest for the Orb.
     0 | D:1      | Reached XP level 1. HP: 22/22 MP: 3/3
    63 | D:2      | Found Xufiekuw's Antique Weapon Boutique.
   284 | D:2      | Found a faded altar of an unknown god.
   524 | D:2      | Reached XP level 2. HP: 18/29 MP: 5/5
   986 | D:2      | Reached skill level 3 in Fighting
   986 | D:2      | Reached XP level 3. HP: 26/37 MP: 6/6
  1639 | D:2      | Noticed an ogre
  1671 | D:1      | Upgraded the game from 0.27-a0-1219-g958d993ae5 to
                  | 0.27-a0-1228-gfd60fd639a
  1835 | D:1      | Reached XP level 4. HP: 39/45 MP: 7/7
  2658 | D:2      | Learned a level 2 spell: Blink
  2662 | D:2      | Learned a level 3 spell: Teleport Other
  3099 | D:2      | Killed an ogre
  3100 | D:2      | Reached skill level 1 in Shields
  3100 | D:2      | Reached XP level 5. HP: 14/54 MP: 8/8
  3372 | D:3      | Noticed Grinder
  3377 | D:3      | Paralysed by Grinder for 5 turns
  3752 | D:3      | Reached skill level 4 in Fighting
  4616 | D:3      | Killed Grinder
  4617 | D:3      | Reached XP level 6. HP: 52/63 MP: 3/9
  5685 | D:3      | Reached XP level 7. HP: 53/71 MP: 10/10
  6228 | D:4      | Found a staircase to the Ecumenical Temple.
  6289 | D:4      | Found a shimmering altar of Xom.
  6289 | D:4      | Found an iron altar of Okawaru.
  6289 | D:4      | Found a stormy altar of Qazlal.
  6289 | D:4      | Found a snail-covered altar of Cheibriados.
  6797 | Temple   | Entered the Ecumenical Temple
  6843 | Temple   | Became a worshipper of the Shining One
  6916 | D:5      | Entered Level 5 of the Dungeon
  6941 | D:4      | Reached skill level 5 in Fighting
  7407 | D:5      | HP: 1/72 [centaur (4)]
  7408 | D:5      | Slain by a centaur

Illustrated notes

Levels and vault maps discovered:
D:1:      psy_arrival_conway, layout_basic
D:2:      layout_basic, shapermc_ecumenical_altar_mp_highgroup, serial_shops,
          shop, minmay_stone_trees_large, minmay_tromino_mix6
D:3:      layout_basic, small_statue_intersection, uniq_grinder
D:4:      layout_loops_ring, chequers_temple_overflow_statue_of_worship,
          minmay_temple_entry_sparse_star
D:5:      layout_basic, enter_ossuary_3, minmay_crystal_water,
          hangedman_decor_peaks_small, kennysheep_windowed_goal, uniq_eustachio
Temple:   kb_temple_of_zot

Skill      XL: |  1  2  3  4  5  6  7 |
---------------+----------------------+-----
Translocations | 3 4 |  4.3
Fighting       | 3 4 5 |  5.2
Polearms       | 3 4 |  4.2
Dodging        | 3 |  3.9
Shields        | 1 2 |  2.6
Throwing       | |  1.0
Stealth        | |  0.1
Spellcasting   | |  2.5

Action                   |  1- 3 |  4- 6 |  7- 9 || total
-------------------------+-------+-------+-------++-------
Melee: Spear             |   145 |   239 |    76 ||   460
       Trident           |       |       |    55 ||    55
 Fire: Hunting sling     |       |    50 |    14 ||    64
Throw: Boomerang         |       |     5 |       ||     5
 Cast: Blink             |       |     5 |     4 ||     9
       Teleport Other    |       |     3 |       ||     3
  Use: Scroll            |     3 |     4 |     4 ||    11
       Potion            |       |       |     3 ||     3
 Stab: Sleeping          |     1 |       |       ||     1
Armor: Robe              |    44 |    67 |    46 ||   157
Dodge: Dodged            |    73 |   131 |   107 ||   311

Table legend: (Time is in decaauts)
 A = Elapsed time spent in this place.
 B = Non-inter-level travel time spent in this place.
 C = Inter-level travel time spent in this place.
 D = Time resting spent in this place.
 E = Time spent auto-exploring this place.
 F = Levels seen in this place.
 G = Mean time per level.
                   A        B        C        D        E       F      G
               +--------+--------+--------+--------+--------+-----+--------+
         Total |   7411 |   6857 |    554 |   1977 |   3280 |   6 | 1235.2 |
       Dungeon |   7331 |   6812 |    519 |   1977 |   3242 |   5 | 1466.2 |
        Temple |     80 |     46 |     34 |      0 |     38 |   1 |   80.0 |
               +--------+--------+--------+--------+--------+-----+--------+

Top non-repeatable levels by time:
     D:2: 2655 daAuts
     D:3: 1918 daAuts
     D:4: 1401 daAuts
     D:1: 1161 daAuts
     D:5: 194 daAuts
  Temple: 80 daAuts
